 Dungeon Crawl Stone Soup version 0.19.5 (webtiles) character file.

574 JeffiDaFish the Covered (level 7, 0/43 HPs)
             Began as a Gargoyle Fighter on Apr 24, 2017.
             Killed from afar by an orc wizard (9 damage)
             ... with a puff of flame
             ... on level 4 of the Dungeon.
             The game lasted 00:05:18 (3716 turns).

JeffiDaFish the Covered (Gargoyle Fighter)          Turns: 3716, Time: 00:05:20

Health: 0/43       AC: 12    Str: 19    XL:     7   Next: 35%
Magic:  7/7        EV:  8    Int:  9    God:
Gold:   188        SH: 10    Dex: 11    Spells: 0 memorised, 6 levels left

rFire  . . .     SeeInvis .     a - +1 flail
rCold  . . .     Gourm    .     b - +0 scale mail
rNeg   + . .     Faith    .     c - +0 shield
rPois  ∞         Spirit   .     (no helmet)
rElec  +         Reflect  .     (no cloak)
rCorr  .         Harm     .     (no gloves)
MR     .....                    (no boots)
Stlth  ..........               (no amulet)
                                (no ring)
                                (no ring)

@: slowed, very slow
A: negative energy resistance 1, electricity resistance, unbreathing,
petrification resistance, rot immunity, AC +4
a: no special abilities


You were on level 4 of the Dungeon.
You were not hungry.

You visited 1 branch of the dungeon, and saw 4 of its levels.

You collected 188 gold pieces.

Inventory:

Hand Weapons
 a - a +1 flail (weapon)
Armour
 b - a +0 scale mail (worn)
 c - a +0 shield (worn)
Wands
 d - a wand of digging (16/24)
Scrolls
 e - a scroll of enchant weapon
 g - 4 scrolls of remove curse
 j - 7 scrolls of identify
 l - a scroll of fear {unknown}
 n - a scroll of teleportation
Potions
 k - a potion of might
 m - a potion of cancellation
 q - a potion of heal wounds
Comestibles
 f - 6 bread rations
 h - a slice of pizza
 i - 2 meat rations
 o - a royal jelly
 p - 5 chunks of flesh


   Skills:
 + Level 4.2 Fighting
 + Level 4.5 Maces & Flails
 + Level 5.2 Armour
 + Level 1.7 Dodging
 + Level 5.2 Shields


You had 6 spell levels left.
You didn't know any spells.

Dungeon Overview and Level Annotations

Branches:
Dungeon (4/15)
 Temple: D:4-7

Altars:
Ru


Innate Abilities, Weirdness & Mutations

You are resistant to torment.
Your stone body is resilient. (AC +4)
You are immune to poison.
You resist negative energy. (rN+)
You are resistant to electric shocks. (rElec)
You can survive without breathing.
You are immune to petrification.
You are immune to rotting.


Message History

You barely miss the orc wizard.
The orc wizard is heavily wounded.
The orc wizard hits you but does no damage. x2
The orc wizard casts a spell at you. The magic dart hits you!
* * * LOW HITPOINT WARNING * * *
Your shield and scale mail prevent you from hitting the orc wizard.
The orc wizard is heavily wounded.
The orc wizard hits you but does no damage. x2
The orc wizard casts a spell at you. The magic dart hits you!
* * * LOW HITPOINT WARNING * * *
You miss the orc wizard.
The orc wizard is heavily wounded.
You block the orc wizard's attack.
The orc wizard casts a spell.
The orc wizard blinks!
The orc wizard points at you and mumbles some strange words.
The puff of flame hits you!
You die...

#..###..###...##..#....
+.....)...........#....
#....[........# ##..#
#.####+###....# #..
##.###..###o...## ....
................+ .....
.......l§.......#......
#.######o#########.###.#
##############@####..#######+##
#.....................#.......#
#.............................#
#.......######...###.....###.##
#......)##..##...#######.# #.##
##......)....<#.....# ....#)).
#.............#.....# #....#...
#............##..#..# #..###...
#.....<......######## ######...


You could see an orc wizard and a frilled lizard.

Vanquished Creatures
  Sigmund (D:3)
  A howler monkey (D:4)
  3 orc wizards
  3 worker ants (D:4)
  3 adders
  11 gnolls
  An ooze (D:4)
  A worm (D:2)
  7 leopard geckos
  6 orcs
  A giant cockroach (D:2)
  9 goblins
  6 hobgoblins
  7 jackals (D:3)
  2 quokkas (D:3)
  2 ball pythons (D:1)
  A ball python skeleton (D:4)
  9 bats
  7 frilled lizards
  6 kobolds
  8 rats
95 creatures vanquished.

Vanquished Creatures (others)
  5 toadstools (D:1)
5 creatures vanquished.

Grand Total: 100 creatures vanquished

Notes
Turn   | Place    | Note
-------+----------+-------------------------------------------
     0 | D:1      | JeffiDaFish the Gargoyle Fighter began the quest for the Orb.
     0 | D:1      | Reached XP level 1. HP: 14/14 MP: 1/1
   148 | D:1      | Reached XP level 2. HP: 19/19 MP: 2/2
   720 | D:2      | Reached XP level 3. HP: 23/23 MP: 3/3
  1141 | D:2      | Reached XP level 4. HP: 29/29 MP: 4/4
  1295 | D:2      | Found a sacrificial altar of Ru.
  1866 | D:3      | Noticed Sigmund
  1877 | D:3      | Killed Sigmund
  1877 | D:3      | Reached skill level 1 in Dodging
  1877 | D:3      | Reached XP level 5. HP: 17/33 MP: 5/5
  1877 | D:3      | Reached XP level 6. HP: 20/38 MP: 6/6
  2525 | D:2      | Reached skill level 5 in Armour
  3303 | D:4      | Reached XP level 7. HP: 12/43 MP: 7/7
  3480 | D:4      | Reached skill level 5 in Shields
  3716 | D:4      | Killed from afar by an orc wizard

Skill      XL: |  1  2  3  4  5  6  7 |
---------------+----------------------+-----
Maces & Flails | 3 4 |  4.5
Shields        | 4 5 |  5.2
Armour         | 4 5 |  5.2
Fighting       | 4 |  4.2
Dodging        | 1 |  1.7

Action                   |  1- 3 |  4- 6 |  7- 9 || total
-------------------------+-------+-------+-------++-------
Melee: Flail             |   103 |   264 |    43 ||   410
  Use: Scroll            |     5 |     1 |     2 ||     8
       Potion            |     5 |     5 |       ||    10
  Eat: Chunk             |     1 |     7 |     2 ||    10
Armor: Scale mail        |    52 |   177 |    45 ||   274
Dodge: Dodged            |    27 |    99 |    19 ||   145
Block: Shield            |    43 |   174 |    35 ||   252
